Map: [ESL] Oceanborn

Players

Kelazhur - Winner!

  • Race: Terran Terran
  • Spawn Location: 11:00

trigger

  • Race: Protoss Protoss
  • Spawn Location: 5:00

Event: ESL SC2 Masters 2023 Winter (Regional)

VOD

Have the link to the VOD?

Description

Time

  • Played on: Nov. 19, 2023, 1:15 p.m.
  • Length: 10:37

All games in this series

Show
View Real Time Build Order
Export as new Build Order

Kelazhur Terran - Winner!

Build Orders: Cyclone Opening 

Get SALT Encoding   

  12  0:00  SCV  
  13  0:12  SCV  
  14  0:17  Supply Depot  
  14  0:24  SCV  
  14  0:27  Refinery  
  15  0:38  SCV  
  16  0:45  Barracks  
  16  0:50  SCV  
  17  1:03  SCV  
  18  1:08  Engineering Bay  
  18  1:15  SCV  
  19  1:32  Orbital Command  
  20  1:34  Marine  
  20  1:37  Factory  
  20  1:46  Supply Depot  
  20  1:54  Barracks Reactor  
  20  1:59  SCV  
  21  2:07  Supply Depot  
  21  2:11  SCV  
  22  2:24  SCV  
  23  2:32  Cyclone x2  
  23  2:36  SCV  
  28  2:37  Marine  
  29  2:50  Command Center, SCV  
  30  2:55  Marine  
  31  3:04  Cyclone  
  31  3:05  Cyclone  
  35  3:06  SCV  
  35  3:10  Supply Depot  
  36  3:18  SCV  
  37  3:21  Refinery  
  37  3:30  SCV  
  37  3:32  Marine  
  37  3:43  SCV  
  37  3:48  Cyclone x2  
  42  3:55  Barracks Tech Lab, SCV  
  43  4:03  Orbital Command  
  43  4:07  SCV  
  44  4:19  SCV  
  45  4:27  Marine x2  
  45  4:28  Siege Tank  
  45  4:30  Barracks  
  52  4:31  SCV x2  
  52  4:32  Barracks  
  52  4:38  Supply Depot  
  52  4:43  SCV x2  
  52  4:44  Marine  
  52  4:45  Marine  
  56  4:48  Supply Depot  
  56  4:55  SCV x2  
  56  5:01  Siege Tank  
  56  5:02  Marine x2  
  61  5:07  SCV x2  
  61  5:10  Refinery, Engineering Bay  
  63  5:19  SCV x2  
  63  5:20  Marine  
  60  5:24  Barracks Tech Lab x2  
  60  5:28  Marine  
  55  5:31  SCV x2  
  55  5:33  Siege Tank  
  60  5:39  Terran Infantry Weapons Level 1  
  60  5:41  Supply Depot  
  60  5:44  SCV x2  
  60  5:48  Marine x2  
  68  5:50  Stimpack  
  68  5:51  Marine x2  
  68  5:54  Combat Shield  
  68  5:56  SCV x2  
  68  5:58  Command Center  
  68  6:02  Refinery  
  68  6:07  Marine x2  
  68  6:08  SCV x2  
  68  6:10  Supply Depot  
  72  6:13  Marauder x2  
  76  6:19  Starport  
  76  6:23  SCV  
  76  6:24  Factory Reactor, Supply Depot  
  77  6:26  Marine x2  
  77  6:31  Supply Depot  
  79  6:35  Marauder x2  
  79  6:36  SCV  
  83  6:45  Marine x2  
  83  6:46  SCV  
  86  6:57  Marauder x2  
  86  6:59  Supply Depot  
  90  7:04  Barracks  
  90  7:06  Barracks  
  90  7:10  Factory Reactor  
  90  7:13  SCV  
  90  7:14  Marine x2  
  90  7:15  SCV  
  94  7:21  Marauder x2  
  88  7:25  Medivac x2  
  91  7:31  Supply Depot, SCV  
  91  7:35  SCV  
  92  7:42  Marauder  
  88  7:47  Marine x2  
  88  7:48  Marauder  
  88  7:50  SCV x2  
  86  7:51  Orbital Command  
  86  7:57  Medivac x2  
  89  8:00  Terran Infantry Armor Level 1  
  89  8:02  SCV  
  89  8:03  Marauder  
  89  8:04  Armory, Factory Reactor  
  92  8:06  Marine x5  
  92  8:08  Refinery, Marine, SCV  
  99  8:14  SCV  
  99  8:18  SCV  
  101  8:23  Marine  
  101  8:24  Marine x2  
  104  8:27  Refinery  
  104  8:28  Marauder x3  
  104  8:29  Supply Depot  
  104  8:31  Supply Depot, SCV x3  
  104  8:33  Missile Turret x2  
  113  8:35  Supply Depot  
  113  8:42  Concussive Shells  
  113  8:43  Marine x2  
  113  8:45  Medivac  
  113  8:46  Medivac  
  119  8:49  Marauder  
  119  8:50  Marauder, Supply Depot  
  123  8:56  Marauder, SCV x3  
  123  9:01  Supply Depot  
  128  9:07  Bunker, Widow Mine  
  128  9:08  Widow Mine  
  128  9:09  Marine x2, Supply Depot  
  132  9:10  Marine x2  
  132  9:15  Viking  
  132  9:16  Viking  
  138  9:31  Marine x2, Marauder  
  138  9:32  Marine x2, Marauder x2  
  148  9:47  Supply Depot  
  148  9:48  Ghost Academy  
  148  9:52  Marine x4  
  149  9:54  Marauder x3  
  149  9:59  Viking x2  
  157  10:13  Marine x2  
  157  10:14  Marine x2  
  156  10:15  Command Center  
Show
View Real Time Build Order
Export as new Build Order

trigger Protoss 

Build Orders: 1 Gate Expand 

Get SALT Encoding   

  12  0:00  Probe  
  13  0:12  Probe  
  14  0:16  Pylon  
  14  0:25  Probe (Chrono Boost)  
  16  0:35  Gateway  
  16  0:37  Probe (Chrono Boost)  
  16  0:42  Probe (Chrono Boost)  
  16  0:45  Assimilator  
  17  0:51  Probe  
  18  1:03  Probe  
  19  1:15  Probe  
  20  1:24  Cybernetics Core  
  20  1:27  Probe  
  21  1:37  Nexus  
  21  1:40  Pylon  
  21  1:45  Assimilator  
  21  1:50  Probe  
  22  1:54  Warp Gate (Chrono Boost)  
  22  1:58  Stalker (Chrono Boost)  
  24  2:03  Probe  
  25  2:15  Gateway  
  25  2:19  Pylon  
  25  2:26  Stalker  
  27  2:37  Gateway  
  27  2:45  Probe  
  27  2:48  Shield Battery  
  27  2:49  Probe  
  29  2:57  Probe  
  30  3:04  Shield Battery  
  29  3:07  Probe  
  29  3:11  Probe  
  31  3:19  Probe  
  30  3:28  Probe  
  30  3:31  Stalker x2  
  30  3:33  Adept  
  35  3:34  Probe  
  36  3:42  Robotics Facility  
  36  3:44  Probe  
  38  3:54  Pylon  
  35  3:58  Stalker  
  35  3:59  Stalker  
  39  4:05  Shield Battery  
  39  4:07  Probe  
  39  4:08  Probe  
  41  4:19  Probe  
  41  4:22  Stalker x2  
  46  4:25  Probe  
  47  4:31  Probe  
  47  4:38  Probe (Chrono Boost)  
  48  4:40  Observer (Chrono Boost)  
  48  4:42  Robotics Bay  
  48  4:43  Pylon  
  48  4:45  Assimilator  
  50  4:49  Probe (Chrono Boost)  
  50  4:53  Pylon  
  50  4:58  Stalker x2  
  50  5:19  Pylon  
  50  5:21  Probe (Chrono Boost)  
  49  5:23  Probe (Chrono Boost)  
  49  5:27  Pylon  
  46  5:33  Probe (Chrono Boost)  
  44  5:37  Probe (Chrono Boost)  
  44  5:38  Probe (Chrono Boost)  
  44  5:41  Forge  
  45  5:44  Sentry  
  45  5:45  Pylon, Probe  
  45  5:46  Disruptor (Chrono Boost)  
  52  5:51  Probe  
  53  5:57  Nexus  
  53  5:59  Probe  
  53  6:03  Probe  
  55  6:11  Probe  
  56  6:14  Disruptor (Chrono Boost)  
  56  6:15  Photon Cannon  
  56  6:18  Probe  
  61  6:23  Twilight Council  
  61  6:25  Pylon, Observer  
  61  6:28  Zealot  
  61  6:32  Adept  
  65  6:35  Probe x2  
  66  6:47  Gateway  
  66  6:48  Gateway  
  66  6:53  Adept x2  
  70  6:54  Probe x2  
  72  7:05  Charge (Chrono Boost)  
  72  7:06  Probe  
  73  7:11  Gateway  
  73  7:20  Zealot x2  
  77  7:24  Protoss Ground Weapons Level 1 (Chrono Boost)  
  77  7:27  Probe x3  
  80  7:36  Gateway, Observer  
  80  7:37  Pylon  
  80  7:42  Zealot x4  
  80  7:43  Probe  
  79  7:46  Probe  
  79  7:49  Colossus (Chrono Boost)  
  68  7:57  Probe x2  
  74  7:59  Probe  
  75  8:09  Zealot x3, Probe  
  75  8:10  Sentry  
  84  8:13  Probe  
  84  8:14  Probe  
  86  8:21  Zealot  
  87  8:30  Colossus (Chrono Boost)  
  87  8:31  Zealot x3  
  99  8:34  Pylon  
  99  8:36  Probe x2  
  99  8:37  Assimilator  
  99  8:41  Probe  
  100  8:48  Zealot x3, Probe  
  107  8:59  Zealot x3  
  107  9:02  Assimilator, Probe x2  
  115  9:07  Probe  
  115  9:09  Pylon  
  116  9:11  Pylon  
  116  9:13  Observer (Chrono Boost)  
  117  9:22  Pylon  
  117  9:25  Photon Cannon, Probe  
  117  9:27  Stalker  
  117  9:28  Stalker x2  
  117  9:30  Colossus (Chrono Boost)  
  122  9:38  Photon Cannon  
  122  9:47  Robotics Facility  
  122  9:49  Pylon, Stalker x2  
  122  9:56  Zealot x2  
  125  10:03  Pylon  
  125  10:05  Zealot x2  
  115  10:13  Zealot x2  
  113  10:17  Stalker  
  113  10:18  Stalker  
  117  10:21  Shield Battery  
  99  10:28  Zealot x2  
  99  10:34  Zealot x2  
Tags
 
Add a new tag
Caveats
  • Supply blocks, unpowered buildings, or Contaminate may cause inaccurate times.
  • Supply counts are checked every 10 seconds.